 Dungeon Crawl Stone Soup version 0.23.2-11-gf996548 (webtiles) character file.

Game seed: 9131556736890502257

978 Fang the Skirmisher (level 8, -2/51 HPs)
             Began as a Gargoyle Berserker on June 4, 2019.
             Was an Elder of Trog.
             Slain by an ogre
             ... wielding a +0 giant club
              (13 damage)
             ... on level 6 of the Dungeon.
             The game lasted 00:05:51 (5900 turns).

Fang the Skirmisher (Gargoyle Berserker)            Turns: 5900, Time: 00:05:51

Health: -2/51      AC: 15    Str: 22    XL:     8   Next: 17%
Magic:  8/8        EV: 10    Int:  9    God:    Trog [****..]
Gold:   257        SH:  0    Dex: 13    Spells: 7/7 levels left

rFire    . . .     SeeInvis .   a - +0 hand axe
rCold    . . .     Gourm    .   (no shield)
rNeg     + . .     Faith    .   b - +0 chain mail
rPois    ∞         Spirit   .   (no helmet)
rElec    +         Reflect  .   (no cloak)
rCorr    +         Harm     .   (no gloves)
MR       ++...                  (no boots)
Stlth    ..........             (no amulet)
HPRegen  1.17/turn              i - ring of resist corrosion
MPRegen  0.11/turn              o - +4 ring of dexterity

@: berserk cooldown, regenerating, slowed, very slow
A: negative energy resistance 1, electricity resistance, unbreathing,
petrification resistance, rot immunity, AC +5
a: Berserk, Trog's Hand, Brothers in Arms, Renounce Religion


You were on level 6 of the Dungeon.
You worshipped Trog.
Trog was greatly pleased with you.
You were very hungry.

You visited 1 branch of the dungeon, and saw 6 of its levels.

You collected 257 gold pieces.

Inventory:

Hand Weapons
 a - a +0 hand axe (weapon)
Armour
 b - a +0 chain mail (worn)
Jewellery
 i - a ring of resist corrosion (left hand)
 o - a +4 ring of dexterity (right hand)
Scrolls
 d - a scroll of amnesia {unknown}
 e - a scroll of enchant armour {unknown}
 g - 2 scrolls of remove curse {unknown}
 j - 6 scrolls of identify {unknown}
 m - a scroll of immolation {unknown}
 q - 3 scrolls of teleportation {unknown}
 t - a scroll of vulnerability {unknown}
Potions
 f - a potion of resistance {unknown}
 h - 4 potions of heal wounds
 k - a potion of haste {unknown}
 l - a potion of berserk rage {unknown}
 n - 2 potions of mutation {unknown}
 p - a potion of flight {unknown}
 r - a potion of brilliance {unknown}
 u - a potion of might {unknown}
Comestibles
 c - 4 rations
 s - 10 chunks of flesh


   Skills:
 + Level 5.9 Fighting
 + Level 4.9 Axes
 + Level 5.4 Armour
 + Level 4.1 Dodging


You had 7 spell levels left.
You didn't know any spells.
Your spell library was empty.

Dungeon Overview and Level Annotations

Branches:
Dungeon (6/15)
 Temple: D:4-7

Altars:
Cheibriados
Qazlal

Shops:
D:4 [

Annotations:
D:3 2 transporters, MemeProof's ghost, amateur MiFi


Innate Abilities, Weirdness & Mutations

You are resistant to torment.
Your stone body is resilient. (AC +5)
You are immune to poison.
You resist negative energy. (rN+)
You are resistant to electric shocks. (rElec)
You can survive without breathing.
You are immune to petrification.
You are immune to rotting.


Message History

The adder skeleton bites you but does no damage.
The ogre barely misses you.
The phantom blinks!
The adder skeleton bites you.
You climb downwards.
An adder comes into view.
The adder hisses angrily.
Found three items.
There is a stone staircase leading up here.
Your skin stops crawling.
You feel less resistant to hostile enchantments.
The ogre hits you with a +0 giant club. The ogre hits you but does no damage.
The ogre hits you with a +0 giant club!
* * * LOW HITPOINT WARNING * * *
The ogre barely misses you.
Your skin crawls.
You feel resistant to hostile enchantments.
You feel somewhat more hungry. The adder closely misses you.
The ogre completely misses you. The adder bites you but does no damage.
The adder closely misses you. The ogre hits you with a +0 giant club!
You die...

#.........
#........ .... .
.......##.... ...
.......?...# ....
..#.......#
....?###..........
.......<..........
.........O....##..
.........S@.......
..............###.
..?##.......### ..
#.###..... . #.
#.##.... .. ###
....# .. ..... #.
....#


You could see an ogre and an adder.

Vanquished Creatures
  Eustachio (D:5)
  An ogre (D:4)
  3 scorpions
  A hound (D:5)
  5 orc priests
  3 orc wizards
  An iguana (D:4)
  2 worker ants
  2 hound skeletons (D:4)
  4 adders
  4 gnolls (D:3)
  An ooze (D:2)
  2 adder skeletons
  A worm (D:3)
  A dart slug (D:4)
  5 leopard geckos
  34 orcs
  4 giant cockroaches
  7 hobgoblins
  12 jackals
  5 kobolds
  2 quokkas
  A ball python (D:2)
  8 bats
  3 frilled lizards
  9 goblins
  A jackal skeleton (D:4)
  A leopard gecko skeleton (D:4)
  A quokka zombie (D:4)
  9 rats
134 creatures vanquished.

Vanquished Creatures (others)
  6 plants (D:3)
6 creatures vanquished.

Grand Total: 140 creatures vanquished

Notes
Turn   | Place    | Note
-------+----------+-------------------------------------------
     0 | D:1      | Fang the Gargoyle Berserker began the quest for the Orb.
     0 | D:1      | Reached XP level 1. HP: 14/14 MP: 1/1
   131 | D:1      | Reached XP level 2. HP: 16/19 MP: 2/2
   571 | D:1      | Reached ** piety under Trog
   766 | D:1      | Reached XP level 3. HP: 23/23 MP: 3/3
  1029 | D:2      | Reached XP level 4. HP: 13/29 MP: 4/4
  2427 | D:3      | Reached *** piety under Trog
  2427 | D:3      | Reached XP level 5. HP: 32/33 MP: 5/5
  2619 | D:3      | Identified the cursed +1 trident of Cataclysm {venom,
                  | +Blink rPois rF++ Int-5}
  2626 | D:3      | Found a transporter.
  2656 | D:3      | Noticed MemeProof's ghost (amateur MiFi)
  2678 | D:3      | Found a transporter.
  3240 | D:3      | Found a stormy altar of Qazlal.
  3533 | D:3      | Reached XP level 6. HP: 35/39 MP: 6/6
  4115 | D:4      | Found Biec's Antique Armour Shop.
  4176 | D:4      | Received a gift from Trog
  4301 | D:4      | Reached **** piety under Trog
  4338 | D:4      | Reached skill level 5 in Fighting
  4338 | D:4      | Reached XP level 7. HP: 10/44 MP: 7/7
  4710 | D:4      | Found a snail-covered altar of Cheibriados.
  5722 | D:5      | Entered Level 5 of the Dungeon
  5746 | D:5      | Reached skill level 5 in Armour
  5850 | D:5      | Noticed Eustachio
  5874 | D:5      | Killed Eustachio
  5874 | D:5      | Reached XP level 8. HP: 40/51 MP: 8/8
  5900 | D:6      | Slain by an ogre

Skill      XL: |  1  2  3  4  5  6  7 |
---------------+----------------------+-----
Dodging        | 2 3 4 |  4.1
Axes           | 3 4 |  4.9
Armour         | 3 4 5 |  5.4
Fighting       | 4 5 |  5.9

Action                   |  1- 3 |  4- 6 |  7- 9 || total
-------------------------+-------+-------+-------++-------
Melee: Hand axe          |   102 |   316 |   157 ||   575
Invok: Berserk           |     1 |     4 |     3 ||     8
       Trog's Hand       |       |       |     2 ||     2
  Use: Potion            |       |       |     1 ||     1
 Stab: Sleeping          |     1 |       |       ||     1
  Eat: Chunk             |       |    16 |     7 ||    23
Armor: Animal skin       |    33 |    58 |       ||    91
       Chain mail        |       |   105 |   134 ||   239
Dodge: Dodged            |    67 |   155 |    89 ||   311
